[Event "*** Titled Tuesday Blitz"]
[Site "Chess.com"]
[Date "2018.01.02"]
[Round "10"]
[White "Mikhail_Golubev"]
[Black "theblitzchamp"]
[Result "1-0"]
[WhiteElo "2388"]
[BlackElo "2442"]
[TimeControl "180+2"]
[EndTime "15:14:00 PST"]
[Termination "Mikhail_Golubev won by checkmate"]

1. e4 e5 2. Nf3 Nc6 3. Bc4 Nf6 4. Ng5 d5 5. exd5 Na5 6. Bb5+ c6 7. dxc6 bxc6 8.
Bd3 h6 9. Ne4 Nd5 10. Be2 Be7 11. d3 O-O 12. O-O f5 13. Nec3 Nf6 14. f4 Bd6 15.
fxe5 Bxe5 16. Nd2 Bb7 17. Nf3 Bd6 18. d4 c5 19. d5 Rb8 20. Nb5 Ne4 21. Nxd6 Qxd6 22.
c4 Ba6 23. b3 Rbe8 24. Bb2 Nb7 25. Bd3 Qf4 26. Qc1 Qg4 27. Qc2 Nbd6 28. Rae1 Bc8 29. Ne5 Qh5 30. Qe2 Qh4 31. Qf3 Nd2 32. Qf4 Qxf4 33. Rxf4 N2e4 34. g4 g5 35. Rff1 Nd2 36.
Rf2 N2e4 37. Rfe2 Nf6 38. Ng6 Rxe2 39. Rxe2 Rf7 40. Ne7+ Kf8 41. Nxc8 Nxc8 42. Bxf5 Nd6 43. Be6 Nfe4 44. Bxf7 Kxf7 45. Be5 a5 46. Bxd6 Nxd6 47.
Re6 Ne8 48. Rxh6 Nf6 49. Rxf6+ Kxf6 50. Kg2 a4 51. bxa4 Ke5 52. h4 Kd4 53. d6 Kc3 54. d7 gxh4 55. d8=Q h3+ 56. Kxh3 Kb4 57. Qd5 Ka3 58.
Qxc5+ Kb2 59. Qb5+ Ka3 60. c5 Kxa2 61. c6 Ka1 62. c7 Ka2 63. c8=B Ka3 64. Bf5 Ka2 65.
a5 Ka3 66. a6 Ka2 67. a7 Ka1 68. a8=R# 1-0

[Event "*** Titled Tuesday Blitz"]
[Site "Chess.com"]
[Date "2018.01.02"]
[Round "10"]
[White "eldur16"]
[Black "chessdjw"]
[Result "1-0"]
[WhiteElo "2523"]
[BlackElo "2513"]
[TimeControl "180+2"]
[EndTime "15:14:05 PST"]
[Termination "eldur16 won by checkmate"]

1. c4 g6 2. Nc3 Bg7 3. g3 c5 4.
Bg2 Nc6 5. e3 h5 6. Nf3 d6 7. a3 a5 8. b3 Bxc3 9. dxc3 Bf5 10.
O-O Qd7 11. Re1 Nf6 12. Ng5 h4 13. e4 Bg4 14. f3 hxg3 15. hxg3 Be6 16. Be3 a4 17.
bxa4 Bxc4 18. Rb1 Ne5 19. Rb6 O-O 20. f4 Neg4 21. Bc1 Qxa4 22. Qxa4 Rxa4 23. Rxb7 e5 24. Bf3 Rfa8 25. Rd1 R4a6 26. Kg2 Kg7 27. f5 gxf5 28. exf5 d5 29. Ne6+ Kg8 30. Nxc5 R6a7 31. Rb4 Rc7 32. Nb7 Ba6 33. Nd6 e4 34. Bxg4 Nxg4 35. Rxd5 Rxc3 36.
Bb2 Rc2+ 37. Kh3 Be2 38. Ra5 Rf8 39. Nxe4 Bf3 40. Nf6+ Nxf6 41. Bxf6 Rc6 42. Bg5 f6 43. Bf4 Rf7 44. Rb8+ Kg7 45. g4 Rc3 46. Kh4 Rd7 47. Re8 Rc4 48. Kg3 Bd1 49. Raa8 Rd3+ 50. Kh4 Rxf4 51.
Re7+ Kh6 52. Rh8# 1-0

[Event "*** Titled Tuesday Blitz"]
[Site "Chess.com"]
[Date "2018.01.02"]
[Round "10"]
[White "1e41-0"]
[Black "dawtonlms"]
[Result "0-1"]
[WhiteElo "2354"]
[BlackElo "2401"]
[TimeControl "180+2"]
[EndTime "15:14:12 PST"]
[Termination "dawtonlms won by checkmate"]

1. d4 Nf6 2. c4 e6 3. Nc3 d5 4. cxd5 exd5 5. Bg5 Be7 6. e3 Nbd7 7. Bd3 Nf8 8. Nge2 Ne6 9. Bh4 g6 10. Qc2 Ng7 11. O-O Bf5 12. Bg3 Bxd3 13. Qxd3 c6 14.
Be5 O-O 15. Rae1 Re8 16. Ng3 Bd6 17. Bxd6 Qxd6 18. f3 Rad8 19. a3 h5 20. b4 h4 21.
Nh1 Nf5 22. Re2 a5 23. Rb1 Kg7 24. Nf2 Re7 25. Rb3 axb4 26. axb4 Qd7 27. b5 Nd6 28. bxc6 bxc6 29. Na4 Qa7 30. Nc5 Rde8 31. Nd1 Nf5 32. Kf2 Qc7 33. Kg1 Qa7 34. Kf2 Qc7 35. Kg1 Nh5 36. e4 Nf4 37. Qd2 Nxe2+ 38. Qxe2 Nxd4 39. Qb2 Qe5 40. Nd3 Qf6 41. e5 Rxe5 42. Nxe5 Qxe5 43.
Re3 Nxf3+ 44. Rxf3 d4 45. Qb3 Re7 46. h3 c5 47. Nf2 Qe1+ 48. Kh2 Qe5+ 49. Kg1 Qe2 50.
Qd3 Qxd3 51. Rxd3 f5 52. Kf1 Kf6 53. Ra3 Ke5 54. Ra5 Kd5 55. Nd3 Rc7 56. Nf4+ Ke4 57. Nxg6 c4 58. Ke2 d3+ 59. Kf2 c3 60. Ne5 c2 61.
Nf3 c1=Q 62. Ra4+ Kd5 63. Rxh4 f4 64. Rh5+ Kd6 65. Rh6+ Ke7 66. Rh7+ Kf8 67. Rh8+ Kg7 68. Re8 Rc2+ 69. Nd2 Qxd2+ 70. Kf3 Qf2+ 71. Kg4 Qg3+ 72. Kf5 f3 73. Re7+ Kf8 74. Ra7 Rc5+ 75. Kf6 Qg5+ 76.
Ke6 Qe5+ 77. Kd7 Rd5+ 78. Kc6 Qe6+ 79. Kb7 Rd7+ 80. Kc8 Qe8# 0-1

[Event "*** Titled Tuesday Blitz"]
[Site "Chess.com"]
[Date "2018.01.02"]
[Round "10"]
[White "ramses135"]
[Black "jbj"]
[Result "1-0"]
[WhiteElo "2395"]
[BlackElo "2318"]
[TimeControl "180+2"]
[EndTime "15:14:14 PST"]
[Termination "ramses135 won by resignation"]

1. e4 d6 2. d4 Nf6 3. Nc3 e5 4. Nf3 Nbd7 5. Bc4 Be7 6. O-O O-O 7. Re1 a6 8. a4 b6 9. Nd5 c6 10. Nxe7+ Qxe7 11. Nh4 g6 12. Bh6 Re8 13. dxe5 dxe5 14. Qf3 Nc5 15. b4 Ne6 16. c3 Kh8 17. Qg3 Ng8 18. Be3 Qc7 19. Nf3 f6 20. h4 Nf4 21.
Rad1 Nh5 22. Qh2 Bg4 23. Rd2 b5 24. Bb3 Rad8 25. Red1 Rxd2 26. Rxd2 Rd8 27. axb5 axb5 28. Rxd8 Qxd8 29. Nd2 Ng7 30. f3 Be6 31. Bc2 h5 32.
Qg3 Kh7 33. f4 exf4 34. Bxf4 Bg4 35. Nf3 Ne6 36. Be3 Qc7 37. Qxc7+ Nxc7 38. Nd4 Ne7 39. Kf2 Kg7 40. Bf4 Ne6 41. Nxe6+ Bxe6 42. Ke3 Kf7 43. Kd4 Ke8 44. Kc5 Kd7 45. Bd3 f5 46. Bg5 fxe4 47. Bxe4 Bf5 48. Bf3 Nd5 49. c4 bxc4 50. b5 Ne7 51.
bxc6+ Ke8 52. Kxc4 Nc8 53. Kc5 Kf7 54. Bd5+ Be6 55.
Be4 Bg4 56. Be3 Be2 57. Kd5 Bb5 58. Bc5 Ba4 59. Ke5 Bb5 60. Bd5+ Ke8 61. Kf6 Bd3 62. Bf7+ Kd8 63. Bxg6 Bf1 64. g3 Be2 65. Kg5 Kc7 66. Bxh5 Bd3 67. Bf3 1-0

[Event "*** Titled Tuesday Blitz"]
[Site "Chess.com"]
[Date "2018.01.02"]
[Round "10"]
[White "krzyzan94"]
[Black "djogrodek1"]
[Result "1/2-1/2"]
[WhiteElo "2614"]
[BlackElo "2462"]
[TimeControl "180+2"]
[EndTime "15:14:25 PST"]
[Termination "Game drawn - insufficient material"]

1. c4 c6 2. Nc3 d5 3. cxd5 cxd5 4. d4 Nf6 5. Bf4 Nc6 6. e3 Bf5 7. Qb3 Na5 8. Qa4+ Bd7 9. Qc2 e6 10. Bd3 Nc6 11. a3 Be7 12. Nf3 Nh5 13. Be5 Nxe5 14. dxe5 g6 15. O-O Rc8 16. Qe2 Ng7 17.
e4 dxe4 18. Nxe4 O-O 19. Rad1 Qb6 20. Nf6+ Bxf6 21. exf6 Nh5 22. Bxg6 hxg6 23. Rxd7 Nxf6 24. Rd4 Kg7 25. Rb4 Qc7 26. Qe3 b6 27. h3 Rfd8 28.
Rh4 Rh8 29. Rxh8 Rxh8 30. Rc1 Qd6 31. Qc3 Rd8 32. g4 Qd3 33. Qxd3 Rxd3 34. Ne5 Rd5 35. f4 Nd7 36. Nf3 Rc5 37. Rd1 Nf6 38. Rd2 Nd5 39. f5 exf5 40. gxf5 gxf5 41. Nd4 Kf6 42. Kf2 Rc1 43.
Nxf5 Kxf5 44. Rxd5+ Ke6 45. Rd2 f5 46. Kg3 Ke5 47. Re2+ Kf6 48. h4 Rg1+ 49. Rg2 Rh1 50. Rc2 Rg1+ 51. Kf3 Rh1 52. Rc7 Rxh4 53. Rxa7 Rh2 54. b4 Ke5 55. Rb7 Rh3+ 56. Ke2 Rxa3 57. Rxb6 f4 58. Rb8 Kd4 59. b5 Kc5 60. b6 f3+ 61. Kf2 Kc6 62. b7 Ra7 63. Kxf3 Rxb7 64.
Rc8+ Rc7 65. Ra8 Rb7 66. Ke4 Rb5 67. Ra6+ Rb6 68. Rxb6+ Kxb6 1/2-1/2

[Event "*** Titled Tuesday Blitz"]
[Site "Chess.com"]
[Date "2018.01.02"]
[Round "10"]
[White "attack2mateU"]
[Black "manubibi"]
[Result "1-0"]
[WhiteElo "2608"]
[BlackElo "2457"]
[TimeControl "180+2"]
[EndTime "15:14:26 PST"]
[Termination "attack2mateU won by resignation"]

1. e4 c5 2. Nf3 d6 3. d4 cxd4 4. Nxd4 Nf6 5. Nc3 a6 6. Be3 Ng4 7. Bg5 h6 8. Bh4 g5 9. Bg3 Bg7 10.
h3 Ne5 11. f3 Nbc6 12. Bf2 Be6 13. Qd2 Rc8 14. O-O-O Qa5 15. Nb3 Qc7 16. Kb1 b5 17. h4 Nc4 18. Bxc4 bxc4 19. Nd4 Nxd4 20. Bxd4 Bxd4 21.
Qxd4 Rg8 22. hxg5 hxg5 23. g3 Qc5 24. Qd2 Rb8 25. Ka1 Qb4 26. Rb1 f6 27. f4 gxf4 28. gxf4 Kd7 29. f5 Bf7 30. Rh7 Ke8 31. Qh2 Rf8 32.
Rh8 Kd7 33. Rxf8 Rxf8 34. Qh7 Qb8 35. Rg1 Qe8 36. Qh6 Rh8 37. Qe3 Qb8 38. a3 Qc7 39.
Rg7 Ke8 40. Qd4 Qc5 41. Qxc5 dxc5 42. Rg2 Rh4 43. Re2 Bh5 44. Re3 Kd7 45. a4 Kd6 46. a5 Ke5 47. Ka2 Be8 48. Rg3 Bc6 49.
Rg7 Kd6 50. Rg8 Bxe4 51. Nxe4+ Rxe4 52. Ra8 Re2 53. Rxa6+ Kd5 54. Rb6 Rxc2 55. a6 c3 56. a7 cxb2 57. Rxb2 Rc4 58. a8=Q+ Kd4 59. Rd2+ Kc3 60.
Qa5+ Rb4 61. Qxc5+ Rc4 62. Qa5+ Rb4 63. Rb2 Kd3 64. Qxb4 1-0

[Event "*** Titled Tuesday Blitz"]
[Site "Chess.com"]
[Date "2018.01.02"]
[Round "10"]
[White "SquashMaestro"]
[Black "sandager"]
[Result "1-0"]
[WhiteElo "2251"]
[BlackElo "1970"]
[TimeControl "180+2"]
[EndTime "15:14:33 PST"]
[Termination "SquashMaestro won by resignation"]

1. e4 e5 2. d4 exd4 3. Nf3 Nc6 4.
Nxd4 Nf6 5. Nxc6 bxc6 6. e5 Qe7 7.
Qe2 Nd5 8. c4 Ba6 9. b3 g6 10.
f4 Bg7 11. Qf2 Nb6 12. Bd3 O-O 13. O-O d6 14. Nd2 dxe5 15. f5 f6 16. fxg6 hxg6 17. Bxg6 Rad8 18. Qh4 Bh8 19. Ne4 Qg7 20. Nxf6+ Rxf6 21. Rxf6 Rd1+ 22. Rf1 Rxf1+ 23. Kxf1 Qxg6 24. Qd8+ Kg7 25.
Qxc7+ Qf7+ 26. Qxf7+ Kxf7 27. Bb2 Ke6 28. Rd1 Nd7 29.
g4 c5 30. h4 Bb7 31. Kf2 Bf6 32. g5 Be7 33. Kg3 Be4 34. Bc1 Bg6 35. Rf1 e4 36.
Bf4 Ne5 37. Bxe5 Kxe5 38. Kg4 e3 39. h5 Bd3 40. Re1 Kd4 41. g6 Bf6 42. Kf4 e2 43. Kf3 Kc3 44. Rxe2 Bxe2+ 45. Kxe2 Bg7 46. Kf3 Kd4 47.
Kf4 a5 48. Kg5 Ke5 49. h6 Bf6+ 50. Kh5 Ke6 51. Kg4 Bc3 52. g7 Kf7 53. Kf5 Bd2 54. Ke5 Bxh6 55. Kd5 Be3 56. Kc6 Kxg7 57. Kb5 Kf7 58.
Kxa5 Bd2+ 59. Kb6 Ke6 60. Kxc5 Kd7 61. Kb6 Be3+ 62. Kb7 Kd6 63. b4 Bd2 64. c5+ Kd5 65. c6 Bf4 66. a4 Kc4 67. a5 Kxb4 68. a6 Kb5 69. a7 1-0

[Event "*** Titled Tuesday Blitz"]
[Site "Chess.com"]
[Date "2018.01.02"]
[Round "10"]
[White "ChessQueen"]
[Black "mishanick"]
[Result "1-0"]
[WhiteElo "2668"]
[BlackElo "2765"]
[TimeControl "180+2"]
[EndTime "15:14:43 PST"]
[Termination "ChessQueen won by checkmate"]

1. e4 c5 2. Nf3 d6 3. d4 cxd4 4. Nxd4 Nf6 5. Nc3 a6 6. Bg5 Nbd7 7. Bc4 Qb6 8. Bb3 e6 9. Qd2 Be7 10. Be3 Nc5 11. f3 Qc7 12. O-O b5 13. a4 b4 14.
Nce2 Nxb3 15. Nxb3 a5 16. Ned4 O-O 17. Nb5 Qc6 18.
N3d4 Qd7 19. Rfd1 Ba6 20. c4 bxc3 21. Nxc3 d5 22. e5 Ne8 23. f4 Nc7 24. Qf2 Rfc8 25. f5 exf5 26. Nxf5 Bf8 27. Rd4 Ne6 28. Rxd5 Qb7 29.
Nd6 Bxd6 30. Rxd6 Bc4 31. Rad1 Rc7 32. Bb6 Re7 33. Nd5 Bxd5 34. R1xd5 h6 35. h3 Ng5 36. Rd8+ Re8 37. R8d7 Qc6 38. h4 Ne6 39. Qxf7+ Kh8 40. R5d6 Qc1+ 41. Kh2 Qc4 42. Rd4 Qc6 43. R4d6 Qxa4 44. Rxe6 Qxh4+ 45. Kg1 Qe1+ 46. Kh2 Qh4+ 47. Kg1 Qe1+ 48. Kh2 Qh4+ 49. Kg1 Qe1+ 50. Kh2 Qh4+ 51. Kg1 Rg8 52. Rd1 Raf8 53. Qg6 Qb4 54. Bd4 Qb3 55.
Qg4 Rf4 56. Qxf4 Qxd1+ 57. Kh2 Qh5+ 58. Kg3 Rd8 59. Rd6 Re8 60. Qg4 Qf7 61. e6 Qc7 62.
Be5 Qb7 63. Rd7 Qb3+ 64. Kh2 Rg8 65. Bxg7+ Kh7 66. Qf5# 1-0

[Event "*** Titled Tuesday Blitz"]
[Site "Chess.com"]
[Date "2018.01.02"]
[Round "10"]
[White "SmoothAsAHedgehog"]
[Black "Robert_Chessmood"]
[Result "1-0"]
[WhiteElo "2562"]
[BlackElo "2709"]
[TimeControl "180+2"]
[EndTime "15:14:50 PST"]
[Termination "SmoothAsAHedgehog won on time"]

1. Nf3 d5 2. c4 c6 3. g3 Bg4 4.
Ne5 Bf5 5. Bg2 e6 6. cxd5 exd5 7. O-O Nd7 8. Nf3 Ngf6 9. d3 Be7 10. Nc3 O-O 11. Nh4 Be6 12. e4 dxe4 13. dxe4 Nc5 14. Nf5 Bxf5 15. exf5 Nd3 16. Be3 Bc5 17. Bxc5 Nxc5 18.
b4 Nd3 19. b5 cxb5 20. Nxb5 Qd7 21. Nc3 Rac8 22. Ne4 b6 23. Nxf6+ gxf6 24. Qg4+ Kh8 25.
Rad1 Ne5 26. Rxd7 Nxg4 27. Rxa7 Rc2 28. Bd5 Ne5 29. h3 Kg7 30. Rb7 Rd2 31. Bb3 Rd6 32. Kg2 Rfd8 33. f4 R8d7 34. Rxd7 Nxd7 35. Rd1 Rxd1 36. Bxd1 Kf8 37. Kf3 Nc5 38. Bc2 Na6 39.
Ke3 h6 40. Kd4 Ke7 41. Bb3 Nc7 42. Bc4 Kf8 43. a4 Ke7 44. Kc3 Ne8 45. Kd4 Nc7 46.
g4 Kf8 47. h4 Kg7 48. g5 fxg5 49. fxg5 hxg5 50. hxg5 f6 51. gxf6+ Kxf6 52. Bd3 Ke7 53. Ke5 Ne8 54. Kd5 Nf6+ 55. Kc6 Nd7 56. Bc2 Kd8 57. Kd6 Ke8 58. a5 1-0

[Event "*** Titled Tuesday Blitz"]
[Site "Chess.com"]
[Date "2018.01.02"]
[Round "10"]
[White "Al_Shima"]
[Black "DiogenesSinopeus"]
[Result "0-1"]
[WhiteElo "2209"]
[BlackElo "2393"]
[TimeControl "180+2"]
[EndTime "15:14:52 PST"]
[Termination "DiogenesSinopeus won by resignation"]

1. b3 e5 2. Bb2 Nc6 3. e3 d5 4. Bb5 Bd6 5. f4 Qh4+ 6. g3 Qe7 7. Nf3 f6 8. fxe5 fxe5 9. Nxe5 Bxe5 10. Bxc6+ Kd8 11. d4 Bxg3+ 12. hxg3 Qxe3+ 13. Qe2 Qxg3+ 14. Kd2 bxc6 15. Rf1 Nf6 16. Nc3 Qg5+ 17. Qe3 Qxe3+ 18. Kxe3 Bg4 19. Rf4 Kd7 20. Rg1 Rae8+ 21. Kd3 h5 22. Na4 Ne4 23. Nc5+ Nxc5+ 24. dxc5 Re7 25. Bd4 Rhe8 26.
c4 g6 27. Rf6 a5 28. cxd5 cxd5 29. c6+ Kc8 30. Bc3 Re6 31. Rxe6 Rxe6 32. Bxa5 Rxc6 33.
Kd4 Ra6 34. b4 c6 35. Kc5 Kd7 36. Rf1 Bf5 37. a4 h4 38. Rf3 h3 39. Rf2 Ke6 40.
Kd4 g5 41. Ra2 g4 42. Bc7 Ra7 43. Bf4 Rg7 44. Bg3 Bb1 45. Re2+ Kd7 46. a5 Rf7 47. a6 Rf3 48. a7 Ra3 49. Bb8 Be4 50. Kc5 g3 51. Bxg3 Rxa7 52. Rf2 Ra3 53. Be5 Ke6 54.
Bc7 Rc3+ 55. Kb6 d4 56. Rd2 d3 57. Bf4 Rc2 58. Rd1 Kf5 59. Bc7 d2 60. Bd6 Bf3 61.
Rxd2 Rxd2 62. Bc7 Rc2 63. Bg3 h2 64. Bxh2 Rxh2 65. b5 Rb2 66. Kc5 Rxb5+ 0-1

[Event "*** Titled Tuesday Blitz"]
[Site "Chess.com"]
[Date "2018.01.02"]
[Round "10"]
[White "severomorskij"]
[Black "MITerryble"]
[Result "1-0"]
[WhiteElo "2685"]
[BlackElo "2667"]
[TimeControl "180+2"]
[EndTime "15:14:53 PST"]
[Termination "severomorskij won by resignation"]

1. d4 e6 2. c4 Bb4+ 3. Nc3 f5 4. e3 Nf6 5. Ne2 O-O 6. a3 Bxc3+ 7. Nxc3 d6 8. b4 Qe7 9. Bb2 c6 10. Be2 e5 11. c5 e4 12. cxd6 Qxd6 13. d5 cxd5 14. Rc1 Nc6 15. O-O Be6 16. Nb5 Qe7 17. Nd4 Bd7 18.
Nxc6 bxc6 19. Qd4 a6 20. Rc5 Ng4 21. h3 Nh6 22. Ra5 f4 23. exf4 Nf5 24. Qe5 Qf7 25. Rxa6 Rxa6 26. Bxa6 Re8 27. Qc7 Nh4 28. f5 Nxf5 29. Rc1 Nh4 30. Qg3 Nf5 31. Qf4 Qg6 32.
Bf1 e3 33. Re1 Rf8 34. fxe3 Ng3 35. Qe5 Bxh3 36. Qxg7+ Qxg7 37. Bxg7 Kxg7 38. gxh3 Ra8 39. Ra1 Kf6 40. a4 Ke5 41. Bd3 h5 42. Kf2 h4 43.
a5 Rf8+ 44. Ke1 d4 45. a6 dxe3 46. a7 Ra8 47. b5 cxb5 48. Bxb5 Kd6 49. Be2 Nxe2 50.
Kxe2 Kc7 51. Kxe3 Kb7 52. Kf4 Rf8+ 53. Kg5 Ka8 54. Kxh4 Rh8+ 55. Kg3 Rg8+ 56. Kh2 Rh8 57. Ra4 Rh7 58. h4 Rh8 59. Kh3 Rh5 60. Kg4 Rh8 61. h5 Rg8+ 62. Kh4 Rg1 63. Rg4 Rh1+ 64. Kg5 Kxa7 65.
h6 Kb7 66. Kg6 Rh4 67. Rxh4 1-0

[Event "*** Titled Tuesday Blitz"]
[Site "Chess.com"]
[Date "2018.01.02"]
[Round "10"]
[White "LuisFSiles"]
[Black "Angry_Serb"]
[Result "0-1"]
[WhiteElo "2218"]
[BlackElo "2437"]
[TimeControl "180+2"]
[EndTime "15:14:55 PST"]
[Termination "Angry_Serb won by checkmate"]

1. e4 e5 2. Nf3 d6 3. d4 exd4 4. Qxd4 Nc6 5. Bb5 Ne7 6. Bg5 a6 7. Bxc6+ Nxc6 8. Qd2 Be7 9. Bxe7 Nxe7 10. Nc3 O-O 11.
O-O Bg4 12. Nd4 Re8 13. f3 Bd7 14. Rad1 Kh8 15. Rfe1 Ng6 16. Nd5 Rc8 17. g3 Ne5 18. f4 Nc6 19. Nxc6 Bxc6 20. c4 b5 21. cxb5 axb5 22.
Qc3 Qd7 23. Rc1 Bb7 24. Qd3 f6 25. f5 Bxd5 26. exd5 Re5 27. Rxe5 fxe5 28. Rc6 Rf8 29. Qc2 Rf7 30. Ra6 h6 31. g4 Rf8 32. Ra7 Rc8 33. h3 Qe7 34. Qc6 Qh4 35. Kg2 h5 36. Qd7 Rg8 37. f6 hxg4 38. Qxg4 Qxg4+ 39. hxg4 gxf6 40. Kf3 Rg7 41. Rb7 Kh7 42. Rxb5 Kg6 43. a4 f5 44. gxf5+ Kxf5 45. a5 e4+ 46. Ke3 Rg3+ 47. Kf2 Kf4 48. Rb4 Rh3 49. a6 Rh2+ 50. Kg1 Rc2 51. Ra4 Kg3 52. Kf1 Kf3 53. Ke1 e3 54. Kd1 Rd2+ 55.
Kc1 Rh2 56. Ra3 Kf2 57. a7 e2 58. a8=Q e1=Q+ 59. Kc2 Qe4+ 60. Kb3 Rh3+ 61. Ka2 Qc4+ 62. b3 Qc2+ 63. Ka1 Rh1# 0-1

[Event "*** Titled Tuesday Blitz"]
[Site "Chess.com"]
[Date "2018.01.02"]
[Round "10"]
[White "RoelandPruijssers"]
[Black "VerdeNotte"]
[Result "1/2-1/2"]
[WhiteElo "2571"]
[BlackElo "2668"]
[TimeControl "180+2"]
[EndTime "15:15:17 PST"]
[Termination "Game drawn - insufficient material"]

1. e4 d6 2. d4 Nf6 3. Nc3 g6 4. f4 Bg7 5. Nf3 O-O 6. e5 dxe5 7. fxe5 Nd5 8. Bc4 Nb6 9. Bb3 Nc6 10. O-O Na5 11.
Qe2 Bg4 12. Be3 c6 13. h3 Bxf3 14. Rxf3 Nxb3 15. axb3 Nd5 16. Nxd5 Qxd5 17. c4 Qe6 18.
Bf2 f6 19. Re1 fxe5 20. Rxf8+ Rxf8 21. Bg3 Rd8 22. Bxe5 Bxe5 23. Qxe5 Qxe5 24. Rxe5 Kf7 25. Re4 b5 26. Kf2 bxc4 27. bxc4 Rb8 28. Re2 Rb3 29.
Ke1 a5 30. Kd1 Rb4 31. Rc2 Ke6 32. Kd2 Rb3 33. Kc1 Kd6 34. Re2 Rb4 35. Rc2 e6 36.
Rc3 c5 37. dxc5+ Kxc5 38. b3 a4 39. bxa4 Rxa4 40. Re3 Rxc4+ 41. Kd2 Kd5 42. Rf3 Ra4 43. Rf7 h5 44. Ke3 Ra3+ 45. Ke2 e5 46. Rf6 Ra2+ 47. Kf1 Ke4 48. Rxg6 h4 49. Rb6 Kf4 50. Rb3 e4 51.
Kg1 e3 52. Rb4+ Kf5 53. Kf1 Rf2+ 54. Ke1 Rf4 55. Rb3 Re4 56. Ke2 Kf4 57. Rb8 Kg3 58. Rg8+ Kh2 59. Rg7 Ra4 60. Kxe3 Ra3+ 61. Kf2 Ra2+ 62.
Kf3 Ra3+ 63. Kf2 Ra2+ 64. Kf3 Ra3+ 65. Kf2 Rb3 66. Rg4 Rb2+ 67. Kf3 Rb3+ 68. Kf4 Rb5 69.
Rxh4 Kxg2 70. Rh8 Rb4+ 71. Kg5 Rb5+ 72. Kg4 Rb4+ 73. Kf5 Kg3 74. h4 Rxh4 75. Rxh4 Kxh4 1/2-1/2

[Event "*** Titled Tuesday Blitz"]
[Site "Chess.com"]
[Date "2018.01.02"]
[Round "10"]
[White "plouarzel"]
[Black "BillCoe"]
[Result "0-1"]
[WhiteElo "2291"]
[BlackElo "1941"]
[TimeControl "180+2"]
[EndTime "15:15:43 PST"]
[Termination "BillCoe won by resignation"]

1. e4 c5 2. Nf3 e6 3. d4 cxd4 4. Nxd4 a6 5. Nc3 Qc7 6. Be2 Nf6 7. O-O Bb4 8. Kh1 O-O 9. Qd3 d5 10. exd5 Bxc3 11. bxc3 Nxd5 12. c4 Nf6 13. Bb2 Nbd7 14. Nf3 b6 15. Qe3 Bb7 16. Bd3 Rfe8 17. Ne5 Nxe5 18.
Bxe5 Qc5 19. Qg3 Nh5 20. Qg5 g6 21. Rae1 Qe7 22. Qh6 Qf8 23. Qe3 Qc5 24. Qg5 Qe7 25. Qh6 Qf8 26. Qc1 Qc5 27. f3 Rad8 28. g4 Ng7 29.
Qh6 Qf8 30. Bf6 Rd7 31. h4 Rc8 32. Kg2 Ne8 33. Qxf8+ Kxf8 34. Bb2 Nd6 35. Ba3 Ke8 36. Kg3 Nxc4 37. Bc1 b5 38. Rh1 Rdc7 39. h5 Nd6 40.
hxg6 hxg6 41. Bg5 Kd7 42. Rh7 Bd5 43. Reh1 Rc3 44. Rf1 Bc4 45. Bxc4 R8xc4 46. Rd1 Kc6 47.
Bf4 Ne4+ 48. Kg2 Nf6 49. Rxf7 Rxf4 50. Kg3 g5 51. Rd8 Ne4+ 52. Kg2 Rxf7 53. fxe4 Rd7 54. Rc8+ Rc7 55. Rg8 Rxc2+ 56. Kf3 Rxa2 57. Rxg5 Kd6 58. Rg8 Rb7 59. g5 Ra3+ 60. Kf4 b4 61. g6 Ra1 62.
e5+ Kc6 63. g7 Kb6 64. Kg5 a5 65. Kf6 Rg1 66. Re8 b3 67. g8=Q Rxg8 68. Rxg8 b2 69. Rg1 a4 70. Kxe6 a3 71. Kd5 a2 72. Rg6+ Kb5 73.
Rg2 b1=Q 0-1

[Event "*** Titled Tuesday Blitz"]
[Site "Chess.com"]
[Date "2018.01.02"]
[Round "10"]
[White "Divertissement"]
[Black "windking123"]
[Result "1/2-1/2"]
[WhiteElo "2436"]
[BlackElo "2424"]
[TimeControl "180+2"]
[EndTime "15:15:53 PST"]
[Termination "Game drawn by repetition"]

1. e4 c5 2. Nf3 g6 3. Bc4 Bg7 4. O-O Nc6 5. c3 d6 6. h3 Nf6 7. Re1 O-O 8. Bb3 e6 9. d3 b6 10.
Nbd2 Bb7 11. Nf1 Qc7 12. Ng3 Ne5 13. Bf4 Rad8 14. d4 Nxf3+ 15. Qxf3 e5 16. dxe5 dxe5 17. Bg5 Rd6 18. Rad1 Rfd8 19. Rxd6 Rxd6 20. Rd1 Rxd1+ 21. Bxd1 Qd6 22. Bc2 c4 23. Qe3 Nd7 24. h4 Nc5 25. h5 Ne6 26. Bh6 Nf4 27. Bxg7 Kxg7 28. hxg6 hxg6 29.
Ne2 Ne6 30. Ng3 Nf4 31. Ne2 Ne6 32. Ng3 a6 33. Nf1 b5 34. a3 Nc5 35. Nh2 Bc8 36.
Nf3 Bg4 37. Nh4 Bd1 38. Bb1 Nd3 39. Qd2 Bg4 40. f3 Be6 41. Bxd3 cxd3 42. g3 a5 43. Ng2 Bc4 44. Kf2 Qf6 45. Ne3 Qb6 46.
b3 Bxb3 47. Qxd3 Bc4 48. Qd2 Qc5 49. Kg2 Be6 50. f4 exf4 51. gxf4 Qxa3 52. Qd4+ Kg8 53.
f5 Bc4 54. Ng4 Qe7 55. Nf6+ Kf8 56. Nh7+ Kg8 57. Nf6+ Kf8 58. Ng4 Qg5 59. Qh8+ Ke7 60. Qe5+ Kd7 61. Kf3 Be2+ 62. Kxe2 Qxg4+ 63. Ke3 Qh3+ 64. Kd4 gxf5 65. Qxb5+ Ke7 66. Qxa5 fxe4 67. Qc5+ Ke8 68. Qe5+ Kf8 69. Kxe4 Qg2+ 70. Kd4 Qd2+ 71. Kc5 Qf2+ 72. Kc6 Qf3+ 73. Kd6 Qd3+ 74. Kc5 Qd7 75. c4 Qc8+ 76. Kd4 Qd7+ 77. Kc5 Qc8+ 78. Kb5 Qd7+ 79. Kb6 Qd8+ 80. Kb5 Qd7+ 81. Kc5 Qc8+ 1/2-1/2